 Dungeon Crawl Stone Soup version 0.26.1-2-gb8aa6d0 (webtiles) character file.

Game seed: 3159022674062926262

34595 Clemancholy the Severer (level 13, -2/81 (101) HPs)
             Began as a Hill Orc Monk on Feb 5, 2021.
             Slain by Donald
             ... wielding a +1 scimitar of holy wrath
              (20 damage)
             ... on level 1 of the Orcish Mines on Feb 10, 2021.
             The game lasted 02:06:15 (29794 turns).

Clemancholy the Severer (Hill Orc Monk)            Turns: 29794, Time: 02:06:15

HP:   -2/81 (101)   AC: 25    Str: 17    XL:     13   Next: 78%
MP:   13/13         EV: 12    Int: 10    God:
Gold: 714           SH:  0    Dex: 13    Spells: 12/12 levels left

rFire    + . .     SeeInvis .   H - +3 battleaxe (venom)
rCold    + + .     Faith    .   (shield currently unavailable)
rNeg     . . .     Spirit   .   m - +3 scale mail of Mirth {rPois rC++ rCorr Str-2}
rPois    +         Reflect  .   R - +2 helmet
rElec    .         Harm     .   y - +1 cloak
rCorr    +         Rampage  .   I - +1 pair of gloves
Will     .....                  b - +0 pair of boots
Stlth    +.........             r - amulet of the acrobat
HPRegen  0.23/turn              U - +4 ring of protection
MPRegen  0.13/turn              G - ring of protection from fire

@: heavily drained
A: no striking features
a: no special abilities


You were on level 1 of the Orcish Mines.
You visited 2 branches of the dungeon, and saw 14 of its levels.
You also visited: Ossuary.

You collected 1005 gold pieces.
You spent 291 gold pieces at shops.

Inventory:

Hand Weapons
 w - a +2 falchion of holy wrath
 H - a +3 battleaxe of venom (weapon)
Missiles
 d - 554 stones
 e - 65 poisoned darts
 K - 8 atropa-tipped darts
 N - 6 curare-tipped darts (quivered)
Armour
 b - a +0 pair of boots (worn)
 m - the +3 scale mail of Mirth (worn) {rPois rC++ rCorr Str-2}
   (You took it off a kobold on level 8 of the Dungeon)

   It affects your strength (-2).
   It greatly protects you from cold.
   It protects you from poison.
   It provides partial protection from all sources of acid and corrosion.
 n - a +4 ring mail
 y - a +1 cloak (worn)
 I - a +1 pair of gloves (worn)
 R - a +2 helmet (worn)
Jewellery
 l - an uncursed ring of stealth
 r - an amulet of the acrobat (around neck)
 G - a ring of protection from fire (right hand)
 L - an uncursed amulet of faith
 U - a +4 ring of protection (left hand)
Wands
 F - a wand of paralysis (8)
 J - a wand of digging (13)
 O - a wand of polymorph (7)
 S - a wand of disintegration (7)
Scrolls
 c - 11 scrolls of remove curse
 f - 2 scrolls of fear
 g - a scroll of immolation {unknown}
 i - 4 scrolls of fog
 j - 6 scrolls of magic mapping
 k - a scroll of summoning {unknown}
 q - a scroll of vulnerability
 t - 5 scrolls of teleportation
 E - 2 scrolls of random uselessness
 T - a scroll of amnesia {unknown}
Potions
 h - 2 potions of lignification
 p - 3 potions of haste
 s - 2 potions of degeneration
 u - 2 potions of flight
 v - 2 potions of invisibility
 z - 3 potions of cancellation
 B - 3 potions of attraction
 D - 3 potions of brilliance
 Q - a potion of mutation


   Skills:
 - Level 5.5 Fighting
 - Level 9.2 Long Blades
 * Level 19.1 Axes
 - Level 4.0 Throwing
 + Level 9.6 Armour
 + Level 5.9 Dodging
 + Level 4.8 Stealth
 + Level 2.2 Poison Magic
 + Level 1.0 Evocations


You had 12 spell levels left.
You didn't know any spells.
Your spell library was empty.

Dungeon Overview and Level Annotations

Branches:
Dungeon (12/15)            Temple (0/1) D:6            Lair (0/6) D:9
    Orc (2/2) D:12        Ossuary (visited)
    Elf: Orc:2

Altars:
Dithmenos
Elyvilon
Fedhas
Gozag
Hepliaklqana
Kikubaaqudgha
Nemelex Xobeh
Qazlal
Sif Muna
Vehumet
Xom

Shops:
D:5 (   D:7 (   D:8 *   D:10 [

Annotations:
D:7 exclusion: oklob plant
Orc:1 Donald
Orc:2 Snorg


Message History

Donald hits you with a +1 scimitar of holy wrath!!!
Cleave: H) +3 battleaxe (venom)
Press: ? - help, Dir - move target, f/p - Donald
Aim: Donald, wielding a +1 scimitar of holy wrath, wearing a +0 plate armour of poison resistance and wearing a +0 kite shield of reflection (fast, strong)
Okay, then.
Okay, then.
Throw: 7 darts (curare)
Press: ? - help, Q - select action, (/) - cycle Shift-Dir - straight line, f/p - Donald
Aim: Donald, wielding a +1 scimitar of holy wrath, wearing a +0 plate armour of poison resistance and wearing a +0 kite shield of reflection (fast, strong, 76% to hit)
You throw a curare-tipped dart.
Donald reflects the curare-tipped dart off his +0 kite shield of reflection!
The curare-tipped dart hits you.
Donald ponders, "They're ugly as hell, too!"
Donald hits you with a +1 scimitar of holy wrath!!
* * * LOW HITPOINT WARNING * * *
Donald is nearby!
As you read the scroll of fear, it crumbles to dust.
You assume a fearsome visage.
Donald resists with some effort.
Donald hits you with a +1 scimitar of holy wrath!!
You die...

#.................##.##
##.......#.##.##..#...##
##.....#...###......#.##
##.#...##...##..........##
#.....)..................#
##....)..............##.##
#....([..............###
##...).)....[@.......##
###...<#......[@.......#
##.#..#####....[[[.....##
#.....###..............##
##.#..##................######
####...##.#............##.##.##
##....##......................#
.....##.........#..........#.##
##.#.###.......#............##
###...###......##.....#....##


You could see Donald (fast, strong).

Vanquished Creatures
  The ghost of MrDizzy the Cleaver, a journeyman MiFi of Cheibriados (D:11)
  3 two-headed ogres
  A centaur warrior (D:11)
  2 orc high priests
  2 orc knights (D:12)
  An orc sorcerer (Orc:1)
  A manticore (D:11)
  A cyclops (D:11)
  An elephant (D:8)
  3 gargoyles
  2 kobold demonologists
  2 komodo dragons
  2 tengu conjurers (D:9)
  A queen bee (D:11)
  3 trolls
  A redback (Orc:2)
  A shadow (D:10)
  A wraith (D:11)
  A basilisk (D:9)
  12 yaks
  2 water moccasins
  2 hornet zombies (Ossuary)
  15 orc warriors
  2 sky beasts
  2 ice beasts
  2 black bears
  An eye of draining (D:11)
  4 phantoms
  12 ogres
  7 centaurs
  9 big kobolds
  4 gnoll sergeants
  8 bullfrogs
  2 water moccasin zombies
  A wyvern skeleton (D:8)
  6 scorpions
  24 killer bees
  3 wights (D:7)
  4 howler monkeys
  2 centaur zombies
  2 quasits (D:6)
  3 bullfrog zombies
  5 jellies
  6 orc priests
  8 hounds
  5 bullfrog skeletons
  3 centaur skeletons (D:4)
  5 iguanas
  15 orc wizards
  9 worker ants
  2 killer bee zombies
  2 hound zombies (Ossuary)
  14 mummies (Ossuary)
  3 worker ant zombies
  8 howler monkey zombies
  3 gnolls
  13 adders
  2 shadow imps
  8 white imps
  3 ufetubi
  An ooze (D:5)
  4 adder zombies
  5 dart slugs
  4 worms
  10 leopard geckos
  60 orcs
  4 ball pythons
  9 bats
  8 giant cockroaches
  10 goblins
  11 hobgoblins
  8 jackals
  6 quokkas
  8 frilled lizards
  A jackal zombie (Ossuary)
  27 kobolds
  A leopard gecko skeleton (D:4)
  A leopard gecko zombie (Ossuary)
  A quokka zombie (D:6)
  7 rats
459 creatures vanquished.

Vanquished Creatures (others)
  A killer bee (D:11)
  An orc (Orc:2)
  A kobold (D:3)
  25 fungi
  8 plants
  6 withered plants (Ossuary)
42 creatures vanquished.

Grand Total: 501 creatures vanquished

Notes
Turn   | Place    | Note
-------+----------+-------------------------------------------
     0 | D:1      | Clemancholy the Hill Orc Monk began the quest for the Orb.
     0 | D:1      | Reached XP level 1. HP: 19/19 MP: 1/1
   175 | D:1      | Reached XP level 2. HP: 27/27 MP: 2/2
   809 | D:1      | Reached XP level 3. HP: 17/33 MP: 3/3
  1911 | D:1      | Reached skill level 5 in Axes
  2075 | D:2      | Reached XP level 4. HP: 37/40 MP: 4/4
  2822 | D:2      | Found a radiant altar of Vehumet.
  2905 | D:2      | Reached XP level 5. HP: 47/47 MP: 5/5
  3518 | D:3      | Reached skill level 1 in Throwing
  4113 | D:3      | Reached skill level 6 in Axes
  4977 | D:3      | Found a hazy altar of Hepliaklqana.
  5358 | D:4      | Reached skill level 1 in Armour
  5358 | D:4      | Reached XP level 6. HP: 43/53 MP: 6/6
  5613 | D:4      | Found a shimmering altar of Xom.
  6210 | D:4      | Reached skill level 5 in Fighting
  6216 | D:4      | Reached XP level 7. HP: 57/60 MP: 7/7
  6352 | D:5      | Entered Level 5 of the Dungeon
  6362 | D:4      | Reached skill level 7 in Axes
  6433 | D:4      | Found a stormy altar of Qazlal.
  7228 | D:4      | Found a shadowy altar of Dithmenos.
  7387 | D:4      | Upgraded the game from 0.26.0-15-gc6cd9f7 to
                  | 0.26.1-2-gb8aa6d0
  7444 | D:5      | Found an opulent altar of Gozag.
  7444 | D:5      | Found a sparkling altar of Nemelex Xobeh.
  7546 | D:5      | Found Eboecate's Antique Weapon Boutique.
  7823 | D:5      | Reached XP level 8. HP: 64/69 MP: 8/8
  8077 | D:5      | Reached skill level 8 in Axes
  9279 | D:6      | Reached skill level 1 in Long Blades
  9351 | D:6      | Found a sand-covered staircase.
  9372 | Ossuary  | Entered an ossuary
  9580 | Ossuary  | Reached skill level 5 in Long Blades
  9845 | Ossuary  | Reached XP level 9. HP: 53/74 MP: 9/9
 10350 | D:6      | Reached skill level 5 in Armour
 11106 | D:6      | Found an ancient bone altar of Kikubaaqudgha.
 11248 | D:6      | Found a staircase to the Ecumenical Temple.
 11745 | D:6      | Found a shimmering blue altar of Sif Muna.
 12191 | D:7      | Found an opulent altar of Gozag.
 12192 | D:7      | Noticed an oklob plant
 12236 | D:7      | Found Yffut's Antique Weapon Shoppe.
 12458 | D:7      | Bought a glowing battleaxe for 228 gold pieces
 12534 | D:7      | Found a blossoming altar of Fedhas.
 14428 | D:8      | Noticed a two-headed ogre
 14968 | D:8      | Reached XP level 10. HP: 81/81 MP: 10/10
 15260 | D:7      | Killed a two-headed ogre
 15261 | D:7      | Reached skill level 9 in Axes
 15268 | D:7      | Reached skill level 10 in Axes
 16093 | D:8      | Identified the +3 scale mail of Mirth {rPois rC++ rCorr
                  | Str-2}
 16204 | D:8      | Found Etukass's General Store.
 16215 | D:8      | Bought a +0 pair of gloves for 63 gold pieces
 16329 | D:8      | Got a pitted war axe
 16564 | D:9      | Noticed a two-headed ogre
 16576 | D:9      | Killed a two-headed ogre
 16577 | D:9      | Reached skill level 11 in Axes
 16895 | D:9      | Reached skill level 12 in Axes
 16943 | D:9      | Found a white marble altar of Elyvilon.
 16962 | D:9      | Noticed an elephant
 16978 | D:8      | Killed an elephant
 17112 | D:9      | Reached skill level 13 in Axes
 17112 | D:9      | Reached XP level 11. HP: 66/88 MP: 11/11
 17596 | D:9      | Found a staircase to the Lair.
 18012 | D:10     | Entered Level 10 of the Dungeon
 18057 | D:10     | Found Viniwk's Antique Armour Shoppe.
 18696 | D:10     | Reached skill level 14 in Axes
 20607 | D:10     | Reached skill level 15 in Axes
 20607 | D:10     | Reached skill level 5 in Dodging
 20938 | D:11     | Got a faintly humming ring mail
 20949 | D:11     | Identified the +3 ring mail of Lightning Storm {rPois rN+
                  | Str-5} (You found it on level 11 of the Dungeon)
 20973 | D:11     | Found a runed translucent door.
 20973 | D:11     | Noticed MrDizzy's ghost (journeyman MiFi)
 21588 | D:11     | Reached skill level 1 in Evocations
 21791 | D:11     | Reached skill level 16 in Axes
 21943 | D:11     | Reached XP level 12. HP: 94/94 MP: 12/12
 22187 | D:11     | Noticed a centaur warrior
 22197 | D:11     | Killed a centaur warrior
 22763 | D:11     | Reached skill level 17 in Axes
 24068 | D:11     | Reached skill level 18 in Axes
 24068 | D:11     | Reached XP level 13. HP: 101/101 MP: 13/13
 24113 | D:11     | Killed MrDizzy's ghost
 24975 | D:12     | Found a staircase to the Orcish Mines.
 25413 | Orc:1    | Entered Level 1 of the Orcish Mines
 26140 | Orc:2    | Entered Level 2 of the Orcish Mines
 26141 | Orc:2    | Noticed Urug
 27974 | Orc:1    | Reached skill level 19 in Axes
 29095 | Orc:2    | Noticed Urug
 29095 | Orc:2    | Urug changed into Urug the redback
 29300 | Orc:2    | Killed Urug the redback
 29765 | Orc:2    | Noticed Donald
 29789 | Orc:2    | Noticed Snorg
 29794 | Orc:1    | Slain by Donald

Illustrated notes

Levels and vault maps discovered:
D:1:      psy_arrival_terrarium, layout_basic, minmay_split_cup_large
D:2:      minmay_door_path, layout_rooms, vehumet_crystals
D:3:      layout_rooms, lemuel_coloured_pillars_altar, serial_curves,
          eino_curves_01, eino_curves_02
D:4:      layout_loops_ring, nicolae_overflow_crystal_walls, marbit_many_paths,
          grunt_qazlal_clouds, gup_sewer_entry_pipe
D:5:      layout_loops_cross, grunt_temple_overflow_opulence, serial_shops,
          kennysheep_mini_moat
D:6:      layout_basic, general_overflow_altar, lemuel_crystal_altar,
          minmay_temple_entry_fiery, lightli_ossuary_entry_decrepit_ruins,
          minmay_bent
D:7:      layout_basic, fedhas_altar_3, serial_shops, nicolae_shop_stone,
          lemuel_oklob_altar
D:8:      layout_loops_ring, serial_shops, shop_statue
D:9:      minmay_skewed_foursquare, layout_cross, kennysheep_mini,
          david_lair_generic
D:10:     layout_loops_ring, serial_shops, shop
D:11:     regret_index_tunnel_blossom, layout_cave_pools,
          hellmonk_ghost_happy_afterlife, kennysheep_generic_room_16
D:12:     layout_long_grid, kennysheep_orc_monster_closet_entryway
Orc:1:    layout_caves
Orc:2:    grunt_orc_gardens, layout_diamond_mine, grunt_orc_garden,
          grunt_orc_garden, grunt_orc_garden, grunt_orc_garden, serial_shops,
          shop, uniq_snorg, uniq_donald, uniq_urug

Skill      XL: |  1  2  3  4  5  6  7  8  9 10 11 12 13 |
---------------+----------------------------------------+-----
Fighting       | 4 5 |  5.5
Axes           | 5 6 7 8 13 16 18 19 | 19.1
Stealth        | 2 3 4 |  4.8
Throwing       | 1 2 3 4 |  4.0
Armour         | 1 3 4 6 7 8 9 |  9.6
Dodging        | 3 4 5 |  5.9
Long Blades    | 5 8 9 |  9.2
Evocations     | 1 |  1.0
Poison Magic   | 2 |  2.2

Action                   |  1- 3 |  4- 6 |  7- 9 | 10-12 | 13-15 || total
-------------------------+-------+-------+-------+-------+-------++-------
Melee: Hand axe          |   117 |   265 |   178 |       |       ||   560
       Falchion          |       |       |   307 |       |       ||   307
       Battleaxe         |       |       |    65 |   522 |   210 ||   797
Throw: Stone             |    12 |       |       |       |       ||    12
       Dart              |    13 |    84 |    62 |    74 |    25 ||   258
Evoke: Wand              |       |       |     7 |     9 |     1 ||    17
  Use: Scroll            |     1 |       |     4 |    16 |     3 ||    24
       Potion            |       |     2 |    10 |     7 |     5 ||    24
 Stab: Sleeping          |     5 |     3 |     4 |     3 |       ||    15
       Distracted        |       |       |     1 |     1 |       ||     2
       Invisible         |       |       |       |     1 |       ||     1
Armor: Robe              |    23 |       |       |       |       ||    23
       Ring mail         |       |    66 |   172 |    33 |       ||   271
       Scale mail        |       |       |       |   243 |   124 ||   367
       Skin              |       |       |       |       |     4 ||     4
Dodge: Dodged            |    77 |   164 |   324 |   449 |   192 ||  1206
       Rpst.: Falchion   |       |       |    55 |       |       ||    55
